BSA
KALAMAZOO ROYALE WITH CHEESE @ KANSAS CITY KINGS
08/26/2027
 
TOP OF THE 1ST
Kalamazoo Royale with Cheese batting - Pitching for Kansas City Kings : LHP Jesús López
Pitching: LHP Jesús López
Batting: RHB Pedro Rosado 0-0: Foul Ball, location: 2F
0-1: Swinging Strike
0-2: Strikes out swinging
Batting: RHB Oliver Lugo 0-0: Called Strike
0-1: Called Strike
0-2: Ball
1-2: Strikes out swinging
Batting: RHB Andy Aiton 0-0: Ball
1-0: Ground out 6-3 (Groundball, 6)
Top of the 1st over - 0 run(s), 0 hit(s), 0 error(s), 0 left on base; Kalamazoo 0 - Kansas City 0
BOTTOM OF THE 1ST
Kansas City Kings batting - Pitching for Kalamazoo Royale with Cheese : LHP Octávio Ramírez
Pitching: LHP Octávio Ramírez
Batting: RHB Chris Chandler 0-0: Ball
1-0: Foul Ball, location: 2F
1-1: SINGLE (Line Drive, 4MD)
Batting: SHB Douglas Taylor 0-0: Foul Ball, location: 2F
0-1: Ball
1-1: Ball
2-1: Fly out, F9 (Flyball, 9S)
Batting: RHB Toshimichi Kono 0-0: Ball
1-0: Ball
2-0: Grounds into double play, 6-4-3 (Groundball, 6)
Bottom of the 1st over - 0 run(s), 1 hit(s), 0 error(s), 0 left on base; Kalamazoo 0 - Kansas City 0
TOP OF THE 2ND
Kalamazoo Royale with Cheese batting - Pitching for Kansas City Kings : LHP Jesús López
Batting: LHB Robinson Fernández 0-0: Ball
1-0: Ball
2-0: Called Strike
2-1: SINGLE (Groundball, 56D)
Batting: RHB Jorge Márquez 0-0: Called Strike
0-1: Called Strike
0-2: SINGLE (Groundball, 56D)
Robinson Fernández to second
Batting: LHB Al Mills 0-0: Swinging Strike
0-1: Called Strike
0-2: Ball
1-2: Ball
2-2: Fly out, F8 (Flyball, 8LM)
Batting: RHB Run-ming Zhu 0-0: Called Strike
0-1: Swinging Strike
0-2: Foul Ball, location: 2F
0-2: Ball
1-2: Ball
2-2: Foul Ball, location: 2F
2-2: Ball
3-2: Fly out, F6 (Line Drive, 6)
Batting: LHB António Glaviz 0-0: Ball
1-0: Called Strike
1-1: Foul Ball, location: 2F
1-2: Foul Ball, location: 2F
1-2: Ball
2-2: Foul Ball, location: 2F
2-2: Ball
3-2: Strikes out swinging
Top of the 2nd over - 0 run(s), 2 hit(s), 0 error(s), 2 left on base; Kalamazoo 0 - Kansas City 0
BOTTOM OF THE 2ND
Kansas City Kings batting - Pitching for Kalamazoo Royale with Cheese : LHP Octávio Ramírez
Batting: RHB Dave Parker 0-0: Ball
1-0: Ball
2-0: Ball
3-0: Called Strike
3-1: Foul Ball, location: 2F
3-2: Foul Ball, location: 2F
3-2: Strikes out swinging
Batting: SHB António De La Cruz 0-0: SOLO HOME RUN (Flyball, 7D), Distance : 378 ft
Batting: LHB Luis González 0-0: Ball
1-0: Called Strike
1-1: Swinging Strike
1-2: Ball
2-2: Ground out U3 (Groundball, 34)
Batting: LHB Brian Boone 0-0: Foul Ball, location: 2F
0-1: Ground out 6-3 (Groundball, 6)
Bottom of the 2nd over - 1 run(s), 1 hit(s), 0 error(s), 0 left on base; Kalamazoo 0 - Kansas City 1
TOP OF THE 3RD
Kalamazoo Royale with Cheese batting - Pitching for Kansas City Kings : LHP Jesús López
Batting: SHB Bob Noble 0-0: Ground out 5-3 (Groundball, 56S)
Batting: RHB Pedro Rosado 0-0: Ball
1-0: Foul Ball, location: 2F
1-1: Foul Ball, location: 2F
1-2: Strikes out swinging
Batting: RHB Oliver Lugo 0-0: Called Strike
0-1: Ground out 6-3 (Groundball, 6)
Top of the 3rd over - 0 run(s), 0 hit(s), 0 error(s), 0 left on base; Kalamazoo 0 - Kansas City 1
BOTTOM OF THE 3RD
Kansas City Kings batting - Pitching for Kalamazoo Royale with Cheese : LHP Octávio Ramírez
Batting: LHB Bruno Lalonde 0-0: Bunt for hit - play at first, batter safe!
Batting: LHB Ray Spencer 0-0: Called Strike
0-1: Ball
1-1: Ball
2-1: Swinging Strike
2-2: Fielders Choice at 2nd, 1-6 (Groundball, 13)
Batting: RHB Chris Chandler 0-0: Fly out, F7 (Line Drive, 7D)
Batting: SHB Douglas Taylor 0-0: Ball
1-0: Ball
2-0: Ball
3-0: Called Strike
3-1: Called Strike
3-2: Foul Ball, location: 2F
3-2: Base on Balls
Ray Spencer to second
Batting: RHB Toshimichi Kono 0-0: Called Strike
0-1: Ball
1-1: Ball
2-1: Ball
3-1: Base on Balls
Ray Spencer to third
Douglas Taylor to second
Batting: RHB Dave Parker 0-0: Ball
1-0: Ball
2-0: Called Strike
2-1: Called Strike
2-2: Ball
3-2: Fly out, F9 (Flyball, 9LM)
Bottom of the 3rd over - 0 run(s), 1 hit(s), 0 error(s), 3 left on base; Kalamazoo 0 - Kansas City 1
TOP OF THE 4TH
Kalamazoo Royale with Cheese batting - Pitching for Kansas City Kings : LHP Jesús López
Batting: RHB Andy Aiton 0-0: Ball
1-0: Called Strike
1-1: Ball
2-1: SOLO HOME RUN (Flyball, 89XD), Distance : 379 ft
Batting: LHB Robinson Fernández 0-0: Called Strike
0-1: DOUBLE (Line Drive, 89M)
Batting: RHB Jorge Márquez 0-0: Ball
1-0: Swinging Strike
1-1: Ball
2-1: SINGLE (Line Drive, 6D)
Robinson Fernández to third
Batting: LHB Al Mills 0-0: Called Strike
0-1: Ball
1-1: Ball
2-1: Swinging Strike
2-2: Strikes out swinging
Batting: RHB Run-ming Zhu 0-0: Called Strike
0-1: Ball
Throwing error on steal attempt, E2
Robinson Fernández scores
Jorge Márquez to third
1-1: Ball
2-1: Swinging Strike
2-2: Foul Ball, location: 2F
2-2: Foul Ball, location: 2F
2-2: 2-RUN HOME RUN (Flyball, 78XD), Distance : 392 ft
Batting: LHB António Glaviz 0-0: Ball
1-0: Called Strike
1-1: SINGLE (Line Drive, 9LS)
Batting: SHB Bob Noble 0-0: Called Strike
0-1: Called Strike
0-2: Strikes out swinging
Batting: RHB Pedro Rosado 0-0: Ball
1-0: Foul Ball, location: 2F
1-1: Ball
2-1: Fielders Choice at 2nd, 5-4 (Groundball, 5)
Top of the 4th over - 4 run(s), 5 hit(s), 1 error(s), 0 left on base; Kalamazoo 4 - Kansas City 1
BOTTOM OF THE 4TH
Kansas City Kings batting - Pitching for Kalamazoo Royale with Cheese : LHP Octávio Ramírez
Batting: SHB António De La Cruz 0-0: Ball
1-0: Ball
2-0: Called Strike
2-1: Ball
3-1: Base on Balls
Batting: LHB Luis González 0-0: Foul Ball, location: 2F
0-1: Foul Ball, location: 2F
0-2: Fly out, F8 (Flyball, 8RM)
Batting: LHB Brian Boone 0-0: Called Strike
0-1: Called Strike
0-2: Strikes out swinging
Batting: LHB Bruno Lalonde 0-0: Ball
Wild Pitch!
António De La Cruz to second
1-0: Called Strike
1-1: Swinging Strike
1-2: Fly out, F7 (Flyball, 7S)
Bottom of the 4th over - 0 run(s), 0 hit(s), 0 error(s), 1 left on base; Kalamazoo 4 - Kansas City 1
TOP OF THE 5TH
Kalamazoo Royale with Cheese batting - Pitching for Kansas City Kings : LHP Jesús López
Batting: RHB Oliver Lugo 0-0: Called Strike
0-1: Ball
1-1: Ball
2-1: Swinging Strike
2-2: SOLO HOME RUN (Flyball, 78XD), Distance : 402 ft
Pitching: RHP Adrián Serrano
Batting: RHB Andy Aiton 0-0: Called Strike
0-1: Foul Ball, location: 2F
0-2: Strikes out swinging
Batting: LHB Robinson Fernández 0-0: Ball
1-0: Swinging Strike
1-1: Foul Ball, location: 2F
1-2: Strikes out swinging
Batting: RHB Jorge Márquez 0-0: Called Strike
0-1: Swinging Strike
0-2: Ball
1-2: Foul Ball, location: 2F
1-2: SINGLE (Line Drive, 7S)
Batting: LHB Al Mills 0-0: Ball
1-0: Ball
2-0: Called Strike
2-1: Foul Ball, location: 2F
2-2: Ball
3-2: Foul Ball, location: 2F
3-2: Fly out, F2 (Popup, 13S)
Top of the 5th over - 1 run(s), 2 hit(s), 0 error(s), 1 left on base; Kalamazoo 5 - Kansas City 1
BOTTOM OF THE 5TH
Kansas City Kings batting - Pitching for Kalamazoo Royale with Cheese : LHP Octávio Ramírez
Batting: LHB Ray Spencer 0-0: Called Strike
0-1: Ground out 4-3 (Groundball, 4)
Batting: RHB Chris Chandler 0-0: Foul Ball, location: 2F
0-1: Foul Ball, location: 2F
0-2: Strikes out looking
Batting: SHB Douglas Taylor 0-0: Called Strike
0-1: Fly out, F6 (Popup, 6)
Bottom of the 5th over - 0 run(s), 0 hit(s), 0 error(s), 0 left on base; Kalamazoo 5 - Kansas City 1
TOP OF THE 6TH
Kalamazoo Royale with Cheese batting - Pitching for Kansas City Kings : RHP Adrián Serrano
Batting: RHB Run-ming Zhu 0-0: Ball
1-0: Called Strike
1-1: DOUBLE (Flyball, 78D)
Batting: LHB António Glaviz 0-0: Intentional Walk
Batting: SHB Bob Noble 0-0: Grounds into double play, U3-6 (Groundball, 3L)
Run-ming Zhu to third
Batting: RHB Pedro Rosado 0-0: Ball
1-0: Ball
2-0: SINGLE (Groundball, 56S) (infield hit)
Run-ming Zhu scores
Batting: RHB Oliver Lugo 0-0: Called Strike
0-1: Called Strike
0-2: Ball
1-2: Ball
2-2: Strikes out swinging
Top of the 6th over - 1 run(s), 2 hit(s), 0 error(s), 1 left on base; Kalamazoo 6 - Kansas City 1
BOTTOM OF THE 6TH
Kansas City Kings batting - Pitching for Kalamazoo Royale with Cheese : LHP Octávio Ramírez
Batting: RHB Toshimichi Kono 0-0: Swinging Strike
0-1: Ball
1-1: Ball
2-1: Fly out, F7 (Flyball, 7)
Batting: RHB Dave Parker 0-0: Foul Ball, location: 2F
0-1: Ground out 5-3 (Groundball, 56S)
Batting: SHB António De La Cruz 0-0: Foul Ball, location: 2F
0-1: Fly out, F2 (Popup, 25)
Bottom of the 6th over - 0 run(s), 0 hit(s), 0 error(s), 0 left on base; Kalamazoo 6 - Kansas City 1
TOP OF THE 7TH
Kalamazoo Royale with Cheese batting - Pitching for Kansas City Kings : RHP Adrián Serrano
Batting: RHB Andy Aiton 0-0: Ball
1-0: Ground out 5-3 (Groundball, 56)
Batting: LHB Robinson Fernández 0-0: Ball
1-0: Called Strike
1-1: Ball
2-1: SOLO HOME RUN (Flyball, 78D), Distance : 395 ft
Batting: RHB Jorge Márquez 0-0: Foul Ball, location: 2F
0-1: Ground out 5-3 (Groundball, 56S)
Batting: LHB Al Mills 0-0: Ball
1-0: Ball
2-0: Called Strike
2-1: Swinging Strike
2-2: SINGLE (Flyball, 9S)
Batting: RHB Run-ming Zhu 0-0: Foul Ball, location: 2F
0-1: Foul Ball, location: 2F
0-2: Strikes out looking
Top of the 7th over - 1 run(s), 2 hit(s), 0 error(s), 1 left on base; Kalamazoo 7 - Kansas City 1
BOTTOM OF THE 7TH
Kansas City Kings batting - Pitching for Kalamazoo Royale with Cheese : LHP Octávio Ramírez
Batting: LHB Luis González 0-0: Ball
1-0: Fly out, F6 (Line Drive, 6M)
Batting: LHB Brian Boone 0-0: Fly out, F7 (Flyball, 78S)
Batting: LHB Bruno Lalonde 0-0: Ball
1-0: Ball
2-0: Ground out 6-3 (Groundball, 6)
Bottom of the 7th over - 0 run(s), 0 hit(s), 0 error(s), 0 left on base; Kalamazoo 7 - Kansas City 1
TOP OF THE 8TH
Kalamazoo Royale with Cheese batting - Pitching for Kansas City Kings : RHP Adrián Serrano
Pitching: LHP Tim Miller
Batting: LHB António Glaviz 0-0: Swinging Strike
0-1: SINGLE (Groundball, 4MD)
Batting: SHB Bob Noble 0-0: Foul Ball, location: 2F
0-1: SINGLE (Line Drive, 34)
António Glaviz to second
Batting: RHB Pedro Rosado 0-0: Foul Ball, location: 2F
0-1: Ball
1-1: Swinging Strike
1-2: Ball
2-2: Ball
3-2: Foul Ball, location: 2F
3-2: Strikes out swinging
Batting: RHB Oliver Lugo 0-0: Called Strike
0-1: Ball
1-1: Grounds into double play, 6-4-3 (Groundball, 6)
Top of the 8th over - 0 run(s), 2 hit(s), 0 error(s), 1 left on base; Kalamazoo 7 - Kansas City 1
BOTTOM OF THE 8TH
Kansas City Kings batting - Pitching for Kalamazoo Royale with Cheese : LHP Octávio Ramírez
Batting: LHB Ray Spencer 0-0: SINGLE (Groundball, 4MD)
Batting: RHB Chris Chandler 0-0: Called Strike
0-1: Ball
1-1: Called Strike
1-2: Ball
2-2: Strikes out swinging
Batting: SHB Douglas Taylor 0-0: Ball
1-0: Ball
2-0: Grounds into double play, 6-4-3 (Groundball, 6M)
Bottom of the 8th over - 0 run(s), 1 hit(s), 0 error(s), 0 left on base; Kalamazoo 7 - Kansas City 1
TOP OF THE 9TH
Kalamazoo Royale with Cheese batting - Pitching for Kansas City Kings : LHP Tim Miller
Batting: RHB Andy Aiton 0-0: Fly out, F3 (Flyball, 3D)
Batting: LHB Robinson Fernández 0-0: Called Strike
0-1: Ball
1-1: SINGLE (Groundball, 4MD)
Batting: RHB Jorge Márquez 0-0: Called Strike
0-1: Ball
1-1: Ball
2-1: Ball
3-1: Reached on error, E1 (Groundball, 13S)
Robinson Fernández to second
Batting: LHB Al Mills 0-0: Ball
1-0: Called Strike
1-1: Called Strike
1-2: Grounds into double play, 4-6-3 (Groundball, 34)
Top of the 9th over - 0 run(s), 1 hit(s), 1 error(s), 1 left on base; Kalamazoo 7 - Kansas City 1
BOTTOM OF THE 9TH
Kansas City Kings batting - Pitching for Kalamazoo Royale with Cheese : LHP Octávio Ramírez
Batting: RHB Toshimichi Kono 0-0: Swinging Strike
0-1: Swinging Strike
0-2: SINGLE (Line Drive, 8LS)
Batting: RHB Dave Parker 0-0: Foul Ball, location: 2F
0-1: Foul Ball, location: 2F
0-2: Foul Ball, location: 2F
0-2: Foul Ball, location: 2F
0-2: Ball
1-2: SINGLE (Groundball, 3D)
Toshimichi Kono to second
Runner from 2nd tries for 3rd, SAFE, throw made to third
Batting: SHB António De La Cruz 0-0: Called Strike
0-1: Ball
1-1: Foul Ball, location: 2F
1-2: SINGLE (Groundball, 56D)
Toshimichi Kono scores
Dave Parker to second
Pitching: RHP Eric Richards
Batting: LHB Luis González 0-0: Called Strike
0-1: Ball
1-1: Foul Ball, location: 2F
1-2: Foul Ball, location: 2F
1-2: SINGLE (Groundball, 4MD)
Dave Parker to third
António De La Cruz to second
Pitching: RHP Rikiya Sakurai
Batting: LHB Brian Boone 0-0: Fly out, F8 (Flyball, 78XD)
Runner from 3rd tags up, SCORES, no throw
António De La Cruz to third
Batting: LHB Bruno Lalonde 0-0: Foul Ball, location: 2F
0-1: Called Strike
0-2: Foul Ball, location: 2F
0-2: Ball
1-2: Ball
2-2: Fly out, F7 (Flyball, 78M)
Runner from 3rd tags up, SCORES, throw made
Batting: LHB Ray Spencer 0-0: Ball
1-0: SINGLE (Groundball, 4MD)
Luis González to second
Runner from 2nd tries for 3rd, SAFE, no throw
Batting: RHB Chris Chandler 0-0: SINGLE (Groundball, 56D)
Luis González scores
Ray Spencer to second
Batting: SHB Douglas Taylor 0-0: Ball
1-0: Foul Ball, location: 2F
1-1: Called Strike
1-2: Fielders Choice at 2nd, 4-6 (Groundball, 4)
Bottom of the 9th over - 4 run(s), 6 hit(s), 0 error(s), 1 left on base; Kalamazoo 7 - Kansas City 5
Thursday, March 30th, 2017 - OOTP Baseball 17.12 Build 75